 Dungeon Crawl Stone Soup version 0.31-a0-263-ge8cad7f256 (webtiles) character file.

Game seed: 16690709380234017639

567 qw the Shooter (level 7, 0/43 HPs)
             Began as a Gargoyle Hexslinger on July 13, 2023.
             Slain by an orc
             ... wielding a +0 flail
              (7 damage)
             ... on level 4 of the Dungeon.
             The game lasted 00:01:22 (3400 turns).

qw the Shooter (Gargoyle Hexslinger)                Turns: 3400, Time: 00:01:22

Health: 0/43       AC: 12    Str: 15    XL:     7   Next: 33%
Magic:  8/8        EV: 11    Int: 16    God:
Gold:   12         SH:  0    Dex: 14    Spells: 7/8 levels left

rFire   . . .        Y - +1 sling
rCold   . . .        (no shield)
rNeg    + . .        a - +0 ring mail
rPois   inf          h - +1 helmet
rElec   +            f - scarf of the Uplifting Gods {shadows, Str+4 Int+2}
rCorr   .            (no gloves)
SInv    .            (no boots)
Will    +....        (no amulet)
Stlth   +            n - ring of willpower
HPRegen 0.27/turn    (no ring)
MPRegen 0.11/turn

%: no passive effects
@: brilliant
A: sickness immunity, AC +4, negative energy resistance 1, electricity
resistance, torment resistance 1, petrification resistance
a: no special abilities


You were on level 4 of the Dungeon.
You visited 1 branch of the dungeon, and saw 5 of its levels.

You collected 209 gold pieces.
You spent 197 gold pieces at shops.


Innate Abilities, Weirdness & Mutations

You are immune to sickness and miasma.
Your stone body is resilient. (AC +4)
You are immune to poison.
You resist negative energy. (rN+)
You are resistant to electric shocks. (rElec)
You are resistant to unholy torment.
You are immune to petrification.


   Skills:
 - Level 4.2 Fighting
 + Level 6.6 Ranged Weapons
 - Level 1.3 Armour
 - Level 1.5 Dodging
 - Level 1.0 Spellcasting
 - Level 2.6 Hexes


You had 7 spell levels left.
You knew the following spells:

 Your Spells              Type           Power      Damage    Failure   Level
a - Slow                  Hex            56%        N/A       14%         1

Your spell library contained the following spells:

 Spells                   Type           Power      Damage    Failure   Level
 Inner Flame              Hex/Fire       7%         N/A       58%         3
 Portal Projectile        Hex/Tloc       14%        N/A       58%         3
 Cause Fear               Hex            7%         N/A       82%         4

Inventory:

Hand Weapons
 Y - a +1 sling (weapon)
Armour
 a - a +0 ring mail (worn)
 f - the scarf of the Uplifting Gods (worn) {shadows, Str+4 Int+2}
   (You acquired it on level 4 of the Dungeon)

   Str:       It affects your strength (+4).
   Int:       It affects your intelligence (+2).
 h - a +1 helmet (worn)
Jewellery
 b - a ring of fire
 n - a ring of willpower (left hand)
Scrolls
 c - a scroll of identify
Potions
 g - a potion of might
 i - a potion of mutation {unknown}
 m - a potion of curing {unknown}

Dungeon Overview and Level Annotations

Branches:
Dungeon (5/15)
 Temple: D:4-7

Altars:
Hepliaklqana
Ru
Yredelemnul

Shops:
D:4 *=


Message History

The orc barely misses you. The orc hits you but does no damage.
You shoot a sling bullet.
The sling bullet closely misses the orc.
The orc hits you but does no damage. The orc hits you with a +0 dagger.
You shoot a sling bullet. The sling bullet hits the orc.
The orc is heavily wounded.
The orc hits you with a +0 flail. The orc hits you but does no damage.
You shoot a sling bullet. The sling bullet barely misses the orc.
The orc misses you. The orc hits you but does no damage.
You shoot a sling bullet. The sling bullet barely misses the orc.
The orc closely misses you. The orc hits you with a +0 dagger.
You shoot a sling bullet. The sling bullet barely misses the orc.
The orc closely misses you. The orc hits you but does no damage. x3
You shoot a sling bullet.
The sling bullet closely misses the orc.
The orc closely misses you. The orc hits you but does no damage.
You shoot a sling bullet.
The sling bullet closely misses the orc.
The orc completely misses you. The orc barely misses you.
You shoot a sling bullet. The sling bullet hits the orc!
You kill the orc!
The orc closely misses you.
You shoot a sling bullet. The sling bullet barely misses the orc.
The orc barely misses you.
You shoot a sling bullet.
The sling bullet hits the orc but does no damage.
The orc hits you with a +0 flail.
You shoot a sling bullet.
The sling bullet hits the orc but does no damage.
The orc barely misses you. The orc closely misses you.
You shoot a sling bullet. The sling bullet hits the orc.
The orc is moderately wounded.
The orc hits you with a +0 flail.
You shoot a sling bullet. The sling bullet hits the orc.
The orc is heavily wounded.
The orc hits you but does no damage.
You shoot a sling bullet.
The sling bullet closely misses the orc.
The orc hits you with a +0 flail!
You die...

.................######..# ####
.>..#....##...(..##......#
....#.##............####.##
#...#.##....##....^.## #..#
##.##.##............## ##.##
...##.##..###.#.....## #..#
.#....#...###.#....### ##.#
......%.#####.?..)#### #.#
#######.#######o@.#### #.#
##~##~#.#########%..######.####
ยค.......##########....##......#
##~##~############............#
####################...#<.....###
......################.#.........
......################........###
.....###################......#
..............................#


You could see an orc.

Vanquished Creatures
  Grinder (D:3)
  A black bear (D:4)
  A scorpion (D:4)
  2 orc priests (D:4)
  2 iguanas (D:4)
  An orc wizard (D:3)
  An adder (D:2)
  3 worms
  A dart slug (D:3)
  10 orcs
  5 bats
  6 endoplasms
  2 giant cockroaches
  4 goblins
  5 hobgoblins
  5 quokkas
  6 ball pythons
  A frilled lizard (D:3)
  5 kobolds
  5 rats
67 creatures vanquished.

Notes
Turn   | Place    | Note
-------+----------+-------------------------------------------
     0 | D:1      | qw the Gargoyle Hexslinger began the quest for the Orb.
     0 | D:1      | Reached XP level 1. HP: 12/12 MP: 2/2
     0 | D:1      | 0 ||| qw: Version: 0.3-a-52-g30416fa
     0 | D:1      | 0 ||| qw: Game counter: 7118
     0 | D:1      | 0 ||| qw: Melee chars always use a shield: true
     0 | D:1      | 0 ||| qw: God list: Okawaru
     0 | D:1      | 0 ||| qw: Allow faded altars: false
     0 | D:1      | 0 ||| qw: Do Orc after clearing Dungeon:15 true
     0 | D:1      | 0 ||| qw: Do second Lair branch before Depths: true
     0 | D:1      | 0 ||| qw: Lair rune preference: random
     0 | D:1      | 0 ||| qw: Goals: Normal
     0 | D:1      | 0 ||| PLANNING D:1-11
   175 | D:1      | Reached XP level 2. HP: 16/16 MP: 3/3
   692 | D:1      | 692 ||| UPGRADING to +0 leather armour.
   702 | D:1      | 702 ||| DROPPING +0 robe.
   703 | D:1      | 703 ||| READING scroll labelled CIVAYGRAINI.
   704 | D:1      | 704 ||| READING scroll labelled KANUUVVYNK.
   705 | D:1      | 705 ||| READING scroll labelled NONITE UNOZIOM.
   706 | D:1      | 706 ||| DROPPING scroll of poison.
   797 | D:2      | Reached skill level 3 in Ranged Weapons
  1411 | D:2      | Reached XP level 3. HP: 17/21 MP: 4/4
  1594 | D:2      | 1594 ||| UPGRADING to +0 helmet.
  1599 | D:2      | 1599 ||| READING 3 scrolls of identify.
  1599 | D:2      | 1599 ||| IDENTIFYING purple potion
  1600 | D:2      | 1600 ||| READING 2 scrolls of identify.
  1600 | D:2      | 1600 ||| IDENTIFYING brown potion
  1601 | D:2      | 1601 ||| DROPPING potion of degeneration.
  1684 | D:3      | Found a basalt altar of Yredelemnul.
  1901 | D:3      | Found a sacrificial altar of Ru.
  1914 | D:3      | Reached XP level 4. HP: 26/26 MP: 5/5
  1918 | D:3      | Reached skill level 4 in Ranged Weapons
  2337 | D:3      | Found a hazy altar of Hepliaklqana.
  2337 | D:3      | Noticed Grinder
  2351 | D:3      | Killed Grinder
  2352 | D:3      | Reached skill level 6 in Ranged Weapons
  2352 | D:3      | Reached XP level 5. HP: 30/30 MP: 6/6
  2352 | D:3      | Reached XP level 6. HP: 35/35 MP: 7/7
  2498 | D:3      | 2498 ||| UPGRADING to +0 ring mail.
  2508 | D:3      | 2508 ||| DROPPING +0 leather armour.
  2590 | D:4      | Found Ranov's Jewellery Shop.
  2613 | D:4      | 2613 ||| SHOPLISTING +5 ring of evasion (432 gold, have
                  | 176).
  2613 | D:4      | 2613 ||| SHOPLISTING amulet of faith (480 gold, have 176).
  2613 | D:4      | 2613 ||| SHOPLISTING amulet of reflection (360 gold, have
                  | 176).
  2613 | D:4      | 2613 ||| SHOPLISTING ring of ice (300 gold, have 176).
  2638 | D:4      | 2638 ||| READING scroll of enchant armour.
  2638 | D:4      | 2638 ||| ENCHANTING +0 helmet.
  2665 | D:4      | Reached skill level 1 in Armour
  2795 | D:4      | Reached skill level 3 in Fighting
  2936 | D:4      | HP: 8/37 [iguana (6)]
  2937 | D:4      | 2937 ||| DRINKING 2 potions of heal wounds.
  2940 | D:4      | 2940 ||| DRINKING potion of heal wounds.
  3031 | D:4      | Found Qoxutei's Assorted Antiques.
  3034 | D:4      | 3034 ||| BUYING glowing clear potion (22 gold).
  3034 | D:4      | Bought a glowing clear potion for 22 gold pieces
  3034 | D:4      | 3034 ||| BUYING runed bone ring (125 gold).
  3034 | D:4      | Bought a runed bone ring for 125 gold pieces
  3034 | D:4      | 3034 ||| BUYING scroll labelled NANNIS HYFFOOD (25 gold).
  3034 | D:4      | Bought a scroll labelled NANNIS HYFFOOD for 25 gold pieces
  3034 | D:4      | 3034 ||| BUYING scroll labelled UTITHU SEOVIM (25 gold).
  3034 | D:4      | Bought a scroll labelled UTITHU SEOVIM for 25 gold pieces
  3034 | D:4      | 3034 ||| SHOPLISTING scroll of identify (50 gold, have 12).
  3034 | D:4      | 3034 ||| SHOPLISTING shiny helmet (187 gold, have 12).
  3059 | D:4      | 3059 ||| Stepping ~*~*~tactically~*~*~ (outnumbered).
  3071 | D:4      | Reached XP level 7. HP: 15/42 MP: 8/8
  3074 | D:4      | 3074 ||| FLEEEEING.
  3081 | D:4      | HP: 9/42 [orc priest/nerve-wracking pain (4)]
  3090 | D:4      | HP: 7/42 [orc priest/+0 mace (5)]
  3312 | D:4      | 3312 ||| UPGRADING to ring of willpower.
  3313 | D:4      | 3313 ||| READING scroll labelled BOPUEBUSTRO.
  3318 | D:4      | 3318 ||| READING 3 scrolls labelled ZEIRIO OCSOI.
  3319 | D:4      | 3319 ||| READING scroll labelled KOCLOU LIHAFFI.
  3320 | D:4      | 3320 ||| READING scroll labelled TIBEMO PUTA.
  3352 | D:4      | 3352 ||| READING scroll labelled NANNIS HYFFOOD.
  3352 | D:4      | 3352 ||| ACQUIRING scarf of the Uplifting Gods {shadows,
                  | Str+4 Int+2}
  3352 | D:4      | Acquired the scarf of the Uplifting Gods {shadows, Str+4
                  | Int+2}
  3354 | D:4      | 3354 ||| UPGRADING to scarf of the Uplifting Gods {shadows,
                  | Str+4 Int+2}.
  3359 | D:4      | 3359 ||| READING scroll labelled UTITHU SEOVIM.
  3360 | D:4      | 3360 ||| DRINKING 2 viscous inky potions.
  3364 | D:4      | 3364 ||| DRINKING 2 glowing clear potions.
  3365 | D:4      | 3365 ||| READING 2 scrolls of identify.
  3365 | D:4      | 3365 ||| IDENTIFYING dark potion
  3366 | D:4      | 3366 ||| DROPPING potion of ambrosia.
  3367 | D:4      | 3367 ||| DROPPING potion of brilliance.
  3368 | D:4      | 3368 ||| DROPPING 2 scrolls of immolation.
  3372 | D:5      | Entered Level 5 of the Dungeon
  3383 | D:5      | 3383 ||| STAIRDANCE
  3398 | D:4      | HP: 6/43 [orc/+0 flail (6)]
  3400 | D:4      | Slain by an orc

Levels and vault maps discovered:
D:1:      dpeg_arrival_arbitrary_a, layout_loops_cross, minmay_strange_pillars,
          grunt_decor_fettered
D:2:      layout_basic, amcnicky_mini_rare_corridor_liquid
D:3:      layout_loops_corners, nicolae_ru_great_annihilating_truth,
          nicolae_hepliaklqana_hazy_memory, overflow_temple_1_default,
          uniq_grinder
D:4:      layout_rooms, serial_shops, shop, kennysheep_mini_moat,
          amcnicky_mini_corridor_feature, dreamdust_mushroom_princess
D:5:      layout_rooms, serial_curves, eino_curves_03, eino_curves_03,
          serial_shops, shop, serial_bayou_pond_b, minmay_shop_mass,
          minmay_manual_mail

Skill      XL: |  1  2  3  4  5  6  7 |
---------------+----------------------+-----
Ranged Weapons | 3 6 |  6.6
Fighting       | 2 3 4 |  4.2
Armour         | 1 |  1.3
Dodging        | |  1.5
Spellcasting   | |  1.0
Hexes          | |  2.6

Action                     |  1- 3 |  4- 6 |  7- 9 || total
---------------------------+-------+-------+-------++-------
   Fire: Sling             |   130 |   145 |    47 ||   322
    Use: Scroll            |     5 |     1 |     7 ||    13
         Potion            |       |     2 |     2 ||     4
 Armour: Robe              |     6 |       |       ||     6
         Leather armour    |    31 |     4 |       ||    35
         Ring mail         |       |    22 |    33 ||    55
  Dodge: Dodged            |    32 |    43 |    34 ||   109

Table legend:
 A = Non-vault XP
 B = Vault XP
 C = Vault XP percentage of total XP
 D = Non-vault monster count
 E = Vault monster count
 F = Vault count percentage of total count
                 A         B        C        D         E       F
            +---------+---------+-------+---------+---------+-------
      Total |     498 |     312 |  38.5 |      62 |       5 |   7.5
            +---------+---------+-------+---------+---------+-------
        D:1 |      18 |       0 |   0.0 |      10 |       0 |   0.0
        D:2 |      24 |       0 |   0.0 |       8 |       0 |   0.0
        D:3 |      61 |     312 |  83.6 |      27 |       5 |  15.6
        D:4 |     392 |       0 |   0.0 |      16 |       0 |   0.0
        D:5 |       3 |       0 |   0.0 |       1 |       0 |   0.0
            +---------+---------+-------+---------+---------+-------
